 Dungeon Crawl Stone Soup version 0.30-a0-758-gc2c871d025 (webtiles) character file.

Game seed: 18396589273769342055

222 Errthou the Chopper (level 5, -2/46 HPs)
             Began as a Minotaur Berserker on Feb 10, 2023.
             Was a Priest of Trog.
             Slain by a gnoll
             ... wielding a +1 halberd of flaming
              (9 damage)
             ... on level 4 of the Dungeon.
             The game lasted 00:05:28 (2430 turns).

Errthou the Chopper (Minotaur Berserker)            Turns: 2430, Time: 00:05:28

Health: -2/46      AC: 13    Str: 23    XL:     5   Next: 66%
Magic:  4/4        EV:  9    Int:  4    God:    Trog [***...]
Gold:   130        SH:  0    Dex: 15    Spells: 4/4 levels left

rFire   . . .      SeeInvis .    s - +10 war axe "Wiryor" {elec, +Blink Dex+5}
rCold   . . .      Faith    .    (no shield)
rNeg    . . .      Spirit   .    r - +1 chain mail {Will+}
rPois   +          Reflect  .    n - +0 hat
rElec   .          Harm     .    (no cloak)
rCorr   .          Rampage  .    m - +2 pair of gloves
Will    +++..                    (no boots) Stlth
                                 (no amulet)
HPRegen 1.27/turn                k - ring of poison resistance
MPRegen 0.09/turn                (no ring)

@: strong-willed (expiring), regenerating (expiring)
A: horns 2, retaliatory headbutt
a: Renounce Religion, Evoke Blink, Berserk, Trog's Hand


You were on level 4 of the Dungeon.
You worshipped Trog.
Trog was most pleased with you.
You visited 1 branch of the dungeon, and saw 4 of its levels.

You collected 130 gold pieces.

Inventory:

Hand Weapons
 s - the +10 war axe "Wiryor" (weapon) {elec, +Blink Dex+5}
   (You found it on level 4 of the Dungeon)

   Dex:       It affects your dexterity (+5).
   +Blink:    It lets you blink.
Armour
 m - a +2 pair of gloves (worn)
 n - a +0 hat (worn)
 r - a +1 chain mail of willpower (worn)
Jewellery
 k - a ring of poison resistance (left hand)
Wands
 l - a wand of mindburst (17)
Scrolls
 a - a scroll of poison {unknown}
 d - 6 scrolls of identify {unknown}
 e - 3 scrolls of enchant armour {unknown}
 f - a scroll of noise {unknown}
 g - 2 scrolls of vulnerability {unknown}
 h - a scroll of torment {unknown}
 j - 2 scrolls of teleportation {unknown}
Potions
 b - a potion of lignification {unknown}
 c - 2 potions of heal wounds {unknown}
 i - a potion of might {unknown}
 o - a potion of curing {unknown}
 p - a potion of berserk rage {unknown}
 q - a potion of magic {unknown}
 t - a potion of degeneration {unknown}


   Skills:
 - Level 4.0 Fighting
 + Level 7.2 Axes
 - Level 2.9 Armour
 - Level 2.6 Dodging


You had 4 spell levels left.
You didn't know any spells.
Your spell library was empty.

Dungeon Overview and Level Annotations

Branches:
Dungeon (4/15)
 Temple: D:4-7

Altars:


Innate Abilities, Weirdness & Mutations

You have a pair of horns on your head.
You reflexively headbutt those who attack you in melee.


Message History

Trog accepts your kill. The gnoll closely misses you.
The gnoll hits you from afar with a +1 halberd of flaming.
The gnoll burns you.
The gnoll hits you from afar with a +0 spear.
The gnoll hits you with a +0 whip.
You slash the gnoll!
You kill the gnoll!
Trog accepts your kill.
You hit the gnoll.
The gnoll hits you but does no damage. x2
The gnoll closely misses you. The gnoll barely misses you.
The gnoll misses you. The gnoll hits you but does no damage.
Your skin crawls.
You feel strong-willed. The gnoll barely misses you.
The gnoll hits you from afar with a +1 halberd of flaming.
The gnoll burns you. The gnoll closely misses you.
You hit the gnoll.
The gnoll is almost dead.
The gnoll barely misses you.
The gnoll hits you from afar with a +1 halberd of flaming!
The gnoll burns you.
* * * LOW HITPOINT WARNING * * *
The gnoll hits you but does no damage.
You hit the gnoll. Lightning courses through the gnoll!
You kill the gnoll!
Trog accepts your kill.
The gnoll hits you from afar with a +0 spear.
* * * LOW HITPOINT WARNING * * *
The gnoll barely misses you.
You feel the effects of Trog's Hand fading.
The gnoll hits you with a +0 spear.
* * * LOW HITPOINT WARNING * * *
The gnoll hits you but does no damage.
You see here a +0 whip.
You slash the gnoll!
The gnoll is almost dead.
The gnoll hits you but does no damage.
The gnoll hits you from afar with a +1 halberd of flaming!
You die...

#........## .......
#........†† .......
#........†. ....... ##
##........# ....... .###
###.......
.......##...### ###.....
...<..........####...#..
.....g.g............####
.......@...........##
......).)..........##
#......)............##
....###..............##
.## #................##
##..................
#.......(...........
##.................#
##................#


You could see 2 gnolls.

Vanquished Creatures
  A scorpion (D:4)
  An orc wizard (D:3)
  2 gnolls (D:4)
  An ufetubus (D:4)
  A worm (D:2)
  3 dart slugs
  9 orcs (D:3)
  3 bats
  7 endoplasms
  5 giant cockroaches
  7 goblins
  11 hobgoblins
  11 jackals
  8 kobolds
  4 quokkas
  4 ball pythons
  3 frilled lizards
  4 rats
85 creatures vanquished.

Vanquished Creatures (others)
  34 plants (D:3)
34 creatures vanquished.

Grand Total: 119 creatures vanquished

Notes
Turn   | Place    | Note
-------+----------+-------------------------------------------
     0 | D:1      | Errthou the Minotaur Berserker began the quest for the Orb.
     0 | D:1      | Reached XP level 1. HP: 19/19 MP: 0/0
   191 | D:1      | Reached XP level 2. HP: 27/27 MP: 1/1
   421 | D:1      | Reached skill level 4 in Axes
   684 | D:1      | Reached XP level 3. HP: 33/33 MP: 2/2
   686 | D:1      | Reached ** piety under Trog
  1123 | D:2      | Reached skill level 5 in Axes
  1603 | D:3      | Reached XP level 4. HP: 40/40 MP: 3/3
  1718 | D:3      | Reached skill level 6 in Axes
  1725 | D:3      | Reached *** piety under Trog
  2260 | D:4      | Noticed a scorpion
  2268 | D:4      | Killed a scorpion
  2269 | D:4      | Reached XP level 5. HP: 46/46 MP: 4/4
  2344 | D:4      | Identified the +10 war axe "Wiryor" {elec, +Blink Dex+5}
  2416 | D:4      | Reached skill level 7 in Axes
  2430 | D:4      | Slain by a gnoll

Illustrated notes

Levels and vault maps discovered:
D:1:      tarquinn_simple_flora_water_e, layout_basic
D:2:      layout_basic
D:3:      layout_loops_ring, kennysheep_boxes
D:4:      layout_cave_pods, lemuel_zombie_altar_yredelemnul,
          minmay_temple_entry_fiery, gup_sewer_entry_pipe

Skill      XL: |  1  2  3  4  5 |
---------------+----------------+-----
Axes           | 4 5 6 7 |  7.2
Fighting       | 4 |  4.0
Armour         | |  2.9
Dodging        | |  2.6

Action                     |  1- 3 |  4- 6 || total
---------------------------+-------+-------++-------
  Melee: Hand axe          |   100 |    46 ||   146
         Headbutt          |    16 |    10 ||    26
         War axe           |       |    13 ||    13
 Invoke: Trog's Hand       |       |     2 ||     2
         Berserk           |       |     1 ||     1
   Stab: Sleeping          |     1 |       ||     1
 Armour: Animal skin       |    24 |     3 ||    27
         Chain mail        |       |    20 ||    20
  Dodge: Dodged            |    66 |    28 ||    94

Table legend: (Time is in decaauts)
 A = Elapsed time spent in this place.
 B = Non-inter-level travel time spent in this place.
 C = Inter-level travel time spent in this place.
 D = Time resting spent in this place.
 E = Time spent auto-exploring this place.
 F = Levels seen in this place.
 G = Mean time per level.
                   A        B        C        D        E       F      G
               +--------+--------+--------+--------+--------+-----+--------+
         Total |   2448 |   2376 |     72 |    220 |   1697 |   4 |  612.0 |
       Dungeon |   2448 |   2376 |     72 |    220 |   1697 |   4 |  612.0 |
               +--------+--------+--------+--------+--------+-----+--------+

Top non-repeatable levels by time:
     D:1: 957 daAuts
     D:3: 667 daAuts
     D:2: 642 daAuts
     D:4: 181 daAuts
